 Dungeon Crawl Stone Soup version 0.22-a0-779-g6f83d72c62 (webtiles) character file.

19 Htamos the Charmwright (level 2, 0/19 HPs)
             Began as a Halfling Skald on July 19, 2018.
             Slain by an adder (2 damage)
             ... on level 2 of the Dungeon.
             The game lasted 00:04:33 (1530 turns).

Htamos the Charmwright (Halfling Skald)             Turns: 1530, Time: 00:04:34

Health: 0/19       AC:  5    Str: 12    XL:     2   Next: 95%
Magic:  4/4        EV: 13    Int: 11    God:
Gold:   54         SH:  0    Dex: 13    Spells: 3/4 levels left

rFire    . . .     SeeInvis .   a - +0 short sword
rCold    . . .     Gourm    .   (shield restricted)
rNeg     . . .     Faith    .   f - +0 ring mail
rPois    .         Spirit   .   (no helmet)
rElec    .         Reflect  .   (no cloak)
rCorr    .         Harm     .   (no gloves)
MR       .....                  (no boots)
Stlth    +.........             (no amulet)
HPRegen  0.06/turn              (no ring)
MPRegen  0.09/turn              (no ring)

@: lethally poisoned (0 -> -5), flying
A: small, mutation resistance 1
a: no special abilities


You were on level 2 of the Dungeon.
You were not hungry.

You visited 1 branch of the dungeon, and saw 2 of its levels.

You collected 54 gold pieces.

Inventory:

Hand Weapons
 a - a +0 short sword (weapon)
Missiles
 h - 66 stones (quivered)
 m - 20 sling bullets
Armour
 b - a +0 leather armour
 f - a +0 ring mail (worn)
Jewellery
 p - an uncursed amulet of magic regeneration {unknown}
Scrolls
 c - a scroll of fear {unknown}
 e - 2 scrolls of amnesia {unknown}
 g - a scroll of enchant weapon {unknown}
 i - 3 scrolls of remove curse {unknown}
 k - a scroll of identify {unknown}
 l - a scroll of teleportation {unknown}
 n - a scroll of immolation {unknown}
Comestibles
 d - 2 rations
 o - a chunk of flesh


   Skills:
 * Level 2.1 Fighting
 + Level 2.6 Short Blades
 + Level 1.3 Armour
 + Level 2.3 Dodging
 * Level 1.9 Spellcasting
 + Level 3.4 Charms


You had 3 spell levels left.
You knew the following spells:

 Your Spells              Type           Power        Failure   Level  Hunger
a - Infusion              Chrm           #...         16%         1    ##.....

Your spell library contained the following spells:

 Spells                   Type           Power        Failure   Level  Hunger
 Regeneration             Chrm/Necr      #.........   67%         3    ####...
 Shroud of Golubria       Chrm/Tloc      #.........   43%         2    ###....
 Song of Slaying          Chrm           #.......     24%         2    ###....
 Spectral Weapon          Hex/Chrm       #.......     67%         3    ####...


Dungeon Overview and Level Annotations

Branches:
Dungeon (2/15)

Altars:


Innate Abilities, Weirdness & Mutations

You are small and have problems with some larger weapons.
You are somewhat resistant to further mutation.


Message History

* * * LOW HITPOINT WARNING * * *
You miss the adder.
* * * LOW HITPOINT WARNING * * *
You feel sick. The adder barely misses you.
You barely miss the adder. The adder misses you.
You closely miss the adder.
* * * LOW HITPOINT WARNING * * *
You feel sick. The adder bites you but does no damage.
The adder closely misses you.
You hit the adder.
The adder is moderately wounded.
The adder closely misses you.
You hit the adder.
The adder is moderately wounded.
* * * LOW HITPOINT WARNING * * *
You feel sick. The adder closely misses you.
You hit the adder but do no damage.
The adder is moderately wounded.
The adder bites you.
You die...

##########.#.#
(.... #.#.#
###.# #.#.# #.#
#.# #.# #.#
#.########
#S@.......
..............#
...............
#############.#
#


You could see an adder.

Vanquished Creatures
  A worm (D:2)
  A bat (D:1)
  A giant cockroach (D:1)
  A goblin (D:2)
  3 hobgoblins (D:1)
  3 frilled lizards
  2 kobolds (D:2)
  5 rats
17 creatures vanquished.

Notes
Turn   | Place    | Note
-------+----------+-------------------------------------------
     0 | D:1      | Htamos the Halfling Skald began the quest for the Orb.
     0 | D:1      | Reached XP level 1. HP: 14/14 MP: 3/3
   318 | D:1      | Reached XP level 2. HP: 19/19 MP: 4/4
  1530 | D:2      | Slain by an adder

Vault maps used:
D:1:      saegor_arrival_simple_e, minmay_misc_feat_ornament,
          minmay_misc_feat_secret_circle
D:2:      hangedman_decor_diamond_cutter, uniq_crazy_yiuf_cottage

Skill      XL: |  1  2 |
---------------+-------+-----
Fighting       | 2 |  2.1
Short Blades   | |  2.6
Armour         | |  1.3
Dodging        | |  2.3
Spellcasting   | |  1.9
Charms         | |  3.4

Action                   || total
-------------------------++-------
Melee: Short sword       ||    67
 Cast: Infusion          ||     6
  Use: Potion            ||     2
 Stab: Sleeping          ||     1
  Eat: Chunk             ||     2
Armor: Leather armour    ||     2
       Ring mail         ||     4
Dodge: Dodged            ||    46

Table legend:
 A = Spawn XP
 B = Non-spawn XP
 C = Spawn XP percentage of total XP
 D = Spawn monster count
 E = Non-spawn monster count
 F = Spawn count percentage of total count
 G = Total turns spent on level
                    A         B        C        D         E        F      G
               +---------+---------+-------+---------+---------+-------+---------
         Total |       0 |      28 |   0.0 |       0 |      17 |   0.0 |  1530
               +---------+---------+-------+---------+---------+-------+---------
           D:1 |       0 |      14 |   0.0 |       0 |       9 |   0.0 |   850
           D:2 |       0 |      14 |   0.0 |       0 |       8 |   0.0 |   680
               +---------+---------+-------+---------+---------+-------+---------
